Kings vs Avalanche (R1)

Created - February 11, 2019 at 19:04

Goals
1 2 3 T
Kings 0 1 2 3
Avalanche 0 0 1 1
Shots
1 2 3 T
Kings 6 11 11 28
Avalanche 9 4 13 26

1st period

No Goal

Penalties :
Pernell Karl Subban (Col) for Roughing (Double Minor) at 2:39, Mattias Ekholm (Col) for Roughing (Minor) at 9:12

2nd period

1. Kings , Johnny Gaudreau 18 (Staffan Kronwall 3, Anze Kopitar 41) at 16:14

Penalties :
Erik Karlsson (LAK) for Tripping (Minor) at 2:28, Patric Hornqvist (Col) for High sticking (Minor) at 10:56, Patric Hornqvist (Col) for Boarding (Minor) at 17:29

3rd period

2. Kings , Ryan Johansen 12 (Patrick Kane 39, David Booth 28) at 2:24
3. Kings , Patrick Kane 37 (Ryan Johansen 10) at 2:38
4. Avalanche , Kyle Turris 2 (Pernell Karl Subban 13, Chuck Kobasew 4) at 6:02

Penalties :
Bryan Little (Col) for Roughing (Minor) at 2:47, Darnell Nurse (LAK) for Slashing (Minor) at 7:12, Andrew Ladd (Col) for Interference (Minor) at 9:21, Marc Staal (Col) for Roughing (Minor) at 14:18, Paul Martin (LAK) for Slashing (Minor) at 14:53, Dan Boyle (Col) for Tripping (Minor) at 18:33

Goalie Stats

Brian Elliott (LAK), 25 saves from 26 shots - (0.962), W, 18-19-4, 60:00 minutes
Semyon Varlamov (Col), 25 saves from 28 shots - (0.893), L, 17-17-2, 60:00 minutes

Players Stats for Kings

Player Name              G  A  P  +/- PIM S  H  SB GA TA FO     MP     PP MP  PK MP  
------------------------------------------------------------------------------------
Anze Kopitar             0  1  1   1  0   3  2  0  0  0  21/33  21:50   8:39   1:25 
Darnell Nurse            0  0  0   0  2   0  0  0  0  1  0/0    10:33   0:33   1:19 
David Booth              0  1  1   2  0   2  0  0  0  0  0/0    17:50   6:53   0:00 
Erik Karlsson            0  0  0   0  2   0  1  0  1  1  0/0    24:49   9:23   1:05 
Greg Campbell            0  0  0   0  0   0  3  0  0  0  1/3    10:20   0:00   2:25 
Johnny Gaudreau          1  0  1   1  0   4  0  1  0  0  0/1    20:48   8:29   1:02 
Jon Merrill              0  0  0  -1  0   1  1  1  0  0  0/0    17:18   0:00   2:29 
Maxim Lapierre           0  0  0  -1  0   1  1  0  0  0  2/3     9:24   0:37   0:00 
Mike Brown               0  0  0   0  0   0  2  1  0  1  0/0     9:00   0:24   0:53 
Nikita Kucherov          0  0  0   0  0   2  2  0  1  0  0/0    15:08   6:53   0:00 
Patrick Kane             1  1  2   1  0   4  1  0  0  0  2/3    20:33   8:38   0:03 
Paul Martin              0  0  0   1  2   0  1  0  0  2  0/0    18:40   9:43   0:22 
Peter Worrell            0  0  0  -1  0   0  0  0  0  0  0/0     8:42   0:19   0:00 
Ramzi Abid               0  0  0   0  0   4  0  0  1  0  0/0    10:20   0:00   2:25 
Ryan Johansen            1  1  2   2  0   4  1  0  0  0  8/16   17:47   6:53   0:00 
Shea Weber               0  0  0   2  0   3  4  3  1  2  0/0    24:53   6:05   2:04 
Staffan Kronwall         0  1  1   2  0   0  0  0  0  0  0/0    17:10   0:00   1:47 
Wayne Simmonds           0  0  0   1  0   0  1  0  0  1  0/0    18:55   6:05   0:53 

Players Stats for Avalanche

Player Name              G  A  P  +/- PIM S  H  SB GA TA FO     MP     PP MP  PK MP  
------------------------------------------------------------------------------------
Alexander Radulov        0  0  0   0  0   2  0  0  0  0  0/1    13:54   2:24   0:08 
Andrei Kostitsyn         0  0  0   0  0   1  1  1  1  1  0/0    16:48   2:24   2:39 
Andrew Ladd              0  0  0   0  2   2  1  1  0  0  7/12   14:47   0:06   7:25 
Bryan Little             0  0  0  -2  2   1  0  1  1  0  9/23   15:37   1:59   0:00 
Chuck Kobasew            0  1  1   0  0   3  2  0  0  0  1/1    15:15   0:06   8:29 
Damien Brunner           0  0  0   0  0   0  1  0  0  1  0/1     9:37   0:00   2:54 
Dan Boyle                0  0  0  -1  2   3  0  1  1  0  0/0    17:40   2:36   1:32 
Jack Johnson             0  0  0   0  0   0  1  0  0  1  0/0    25:44   1:55   9:10 
Johnny Boychuk           0  0  0  -1  0   0  0  0  1  1  0/0    17:48   0:00   6:37 
Kyle Turris              1  0  1   0  0   3  2  0  0  0  0/2     7:44   0:00   0:49 
Marc Staal               0  0  0  -1  2   1  2  2  1  0  0/0    22:05   2:09   8:27 
Mattias Ekholm           0  0  0  -1  2   0  1  1  0  0  0/0    11:57   0:02   0:35 
Maxim Talbot             0  0  0   0  0   2  0  0  0  0  0/2    11:26   0:00   4:47 
Mikkel Boedker           0  0  0  -2  0   3  1  1  1  0  0/1    16:09   2:03   0:00 
Patric Hornqvist         0  0  0  -2  4   3  3  0  1  0  0/2    16:09   2:03   0:00 
Paul Stastny             0  0  0   0  0   1  1  1  0  0  8/14   18:15   2:24   4:47 
Pernell Karl Subban      0  1  1   0  4   1  0  4  1  0  0/0    24:43   2:28   5:21 
Zach Boychuk             0  0  0   0  0   0  2  1  0  0  0/0     6:55   0:06   0:00 

3 Stars

1 - Ryan Johansen (LAK)
2 - Patrick Kane (LAK)
3 - Brian Elliott (LAK)

Power Play

Kings - 0 on 9 Attempt(s) - 0.00%
Avalanche - 0 on 3 Attempt(s) - 0.00%

Penalty Kill

Kings - 3 on 3 Attempt(s) - 100.00% - Score 0 goal in Penalty Kill
Avalanche - 9 on 9 Attempt(s) - 100.00% - Score 0 goal in Penalty Kill

Team Stat

Kings - Hits : 20 - Faceoff Wins : 34 - Blocked Shots : 6 - Penalty Minutes : 6
Avalanche - Hits : 18 - Faceoff Wins : 25 - Blocked Shots : 14 - Penalty Minutes : 18

Official

Referees : Unknown
Linesman : Unknown

Game Notes

1:27 of 3rd period - Avalanche goal is going for a video replay. After video review, No Goal. The referee deems the play has been stopped, even if he had not physically had the opportunity to stop play by blowing his whistle.

Finance

Level 1 -- Attendance: 5408 (90.13%) -- Ticket Income $481,312
Level 2 -- Attendance: 4649 (92.98%) -- Ticket Income $255,695
Level 3 -- Attendance: 2000 (100.00%) -- Ticket Income $66,000
Level 4 -- Attendance: 3770 (94.25%) -- Ticket Income $86,710
Luxury Box -- Attendance: 856 (85.60%) -- Ticket Income $147,232
Game was played at the Pepsi Center.
Total Attendance: 16683 (92.68%)
Total Ticket Income: $1,036,949
Other Income: $155,542
Total Income: $1,192,491

Kings

5 vs 5 Forward 
   Center                   Left Wing                Right Wing               Time % Phy DF OF 
 1 Anze Kopitar             Johnny Gaudreau          Wayne Simmonds           35     1   2  2  
 2 Ryan Johansen            David Booth              Patrick Kane             35     1   2  2  
 3 Maxim Lapierre           Peter Worrell            Nikita Kucherov          25     2   2  1  
 4 Greg Campbell            Ramzi Abid               Mike Brown               5      1   3  1  

5 vs 5 Defense 
   Defense                  Defense                                           Time % Phy DF OF 
 1 Staffan Kronwall         Shea Weber                                        40     1   3  1  
 2 Jon Merrill              Erik Karlsson                                     40     0   3  2  
 3 Darnell Nurse            Paul Martin                                       20     2   3  0  
 4 Shea Weber               Erik Karlsson                                     0      1   2  2  

PowerPlay Forward 
   Center                   Left Wing                Right Wing               Time % Phy DF OF 
 1 Anze Kopitar             Johnny Gaudreau          Patrick Kane             60     0   1  4  
 2 Ryan Johansen            David Booth              Nikita Kucherov          40     0   1  4  

PowerPlay Defense
   Defense                  Defense                                           Time % Phy DF OF 
 1 Paul Martin              Erik Karlsson                                     60     0   2  3  
 2 Wayne Simmonds           Shea Weber                                        40     0   2  3  

Penalty Kill 4 Players Forward 
   Center                   Wing                     Time % Phy DF OF 
 1 Greg Campbell            Ramzi Abid               60     1   3  1  
 2 Wayne Simmonds           Mike Brown               40     1   3  1  

Penalty Kill 4 Players Defense
   Defense                  Defense                  Time % Phy DF OF 
 1 Darnell Nurse            Jon Merrill              60     0   5  0  
 2 Shea Weber               Staffan Kronwall         40     0   5  0  

Penalty Kill - 3 Players Forward 
   Forward                                           Time % Phy DF OF 
 1 Anze Kopitar                                      60     1   4  0  
 2 Patrick Kane                                      40     1   4  0  

Penalty Kill - 3 Players Defense
   Defense                  Defense                  Time % Phy DF OF 
 1 Shea Weber               Jon Merrill              60     0   5  0  
 2 Darnell Nurse            Staffan Kronwall         40     0   5  0  

4 vs 4 Forward 
   Center                   Wing                     Time % Phy DF OF 
 1 Anze Kopitar             Patrick Kane             60     1   2  2  
 2 Johnny Gaudreau          David Booth              40     1   2  2  

4 vs 4 Defense
   Defense                  Defense                  Time % Phy DF OF 
 1 Shea Weber               Erik Karlsson            60     1   2  2  
 2 Jon Merrill              Staffan Kronwall         40     1   2  2  

Last Minutes Offensive
   Center                   Left Wing                Right Wing               Defense                  Defense                  
   Anze Kopitar             David Booth              Patrick Kane             Shea Weber               Erik Karlsson            

Last Minutes Defensive
   Center                   Left Wing                Right Wing               Defense                  Defense                  
   Anze Kopitar             Ramzi Abid               Patrick Kane             Shea Weber               Jon Merrill              

Goaltenders
Starting : Brian Elliott            
Backup : Pascal Leclaire          

Extra Forwards
Normal : Patrick Kane, Ryan Johansen, Johnny Gaudreau - PP : Maxim Lapierre, Mike Brown - PK : Anze Kopitar
Extra Defensemen
Normal : Shea Weber, Erik Karlsson, Darnell Nurse - PP : Darnell Nurse - PK : Erik Karlsson, Paul Martin
Penalty Shots
Nikita Kucherov, Patrick Kane, Anze Kopitar, Ryan Johansen, David Booth

Scratches
Martin Erat (Healthy)

Avalanche

5 vs 5 Forward 
   Center                   Left Wing                Right Wing               Time % Phy DF OF 
 1 Bryan Little             Mikkel Boedker           Patric Hornqvist         35     1   2  2  
 2 Paul Stastny             Andrei Kostitsyn         Alexander Radulov        30     1   2  2  
 3 Maxim Talbot             Andrew Ladd              Chuck Kobasew            20     1   2  2  
 4 Kyle Turris              Zach Boychuk             Damien Brunner           15     1   2  2  

5 vs 5 Defense 
   Defense                  Defense                                           Time % Phy DF OF 
 1 Pernell Karl Subban      Jack Johnson                                      40     1   2  2  
 2 Marc Staal               Mattias Ekholm                                    30     1   2  2  
 3 Johnny Boychuk           Dan Boyle                                         30     1   2  2  
 4 Marc Staal               Pernell Karl Subban                               0      1   2  2  

PowerPlay Forward 
   Center                   Left Wing                Right Wing               Time % Phy DF OF 
 1 Bryan Little             Mikkel Boedker           Patric Hornqvist         60     1   2  2  
 2 Paul Stastny             Andrei Kostitsyn         Alexander Radulov        40     1   2  2  

PowerPlay Defense
   Defense                  Defense                                           Time % Phy DF OF 
 1 Dan Boyle                Marc Staal                                        60     1   2  2  
 2 Pernell Karl Subban      Jack Johnson                                      40     1   2  2  

Penalty Kill 4 Players Forward 
   Center                   Wing                     Time % Phy DF OF 
 1 Andrew Ladd              Chuck Kobasew            60     1   2  2  
 2 Paul Stastny             Maxim Talbot             40     1   2  2  

Penalty Kill 4 Players Defense
   Defense                  Defense                  Time % Phy DF OF 
 1 Jack Johnson             Marc Staal               60     1   2  2  
 2 Pernell Karl Subban      Johnny Boychuk           40     1   2  2  

Penalty Kill - 3 Players Forward 
   Forward                                           Time % Phy DF OF 
 1 Chuck Kobasew                                     60     1   2  2  
 2 Andrew Ladd                                       40     1   2  2  

Penalty Kill - 3 Players Defense
   Defense                  Defense                  Time % Phy DF OF 
 1 Marc Staal               Jack Johnson             60     1   2  2  
 2 Pernell Karl Subban      Johnny Boychuk           40     1   2  2  

4 vs 4 Forward 
   Center                   Wing                     Time % Phy DF OF 
 1 Patric Hornqvist         Mikkel Boedker           60     1   2  2  
 2 Bryan Little             Andrei Kostitsyn         40     1   2  2  

4 vs 4 Defense
   Defense                  Defense                  Time % Phy DF OF 
 1 Marc Staal               Pernell Karl Subban      60     1   2  2  
 2 Jack Johnson             Johnny Boychuk           40     1   2  2  

Last Minutes Offensive
   Center                   Left Wing                Right Wing               Defense                  Defense                  
   Bryan Little             Mikkel Boedker           Patric Hornqvist         Marc Staal               Jack Johnson             

Last Minutes Defensive
   Center                   Left Wing                Right Wing               Defense                  Defense                  
   Bryan Little             Andrew Ladd              Chuck Kobasew            Marc Staal               Jack Johnson             

Goaltenders
Starting : Semyon Varlamov          
Backup : Roberto Luongo           

Extra Forwards
Normal : Andrew Ladd, Alexander Radulov, Maxim Talbot - PP : Andrew Ladd, Alexander Radulov - PK : Damien Brunner
Extra Defensemen
Normal : Marc Staal, Dan Boyle, Pernell Karl Subban - PP : Mattias Ekholm - PK : Jack Johnson, Pernell Karl Subban
Penalty Shots
Mikkel Boedker, Patric Hornqvist, Paul Stastny, Bryan Little, Andrei Kostitsyn

Scratches
Matt Irwin (Healthy)

% Time on Ice - Kings

Lines # - Real PCT - Wanted PCT - Time Play
Normal Forward
1 - 31% - 35% - 11:53
2 - 28% - 35% - 10:43
3 - 22% - 25% - 8:23
4 - 19% - 5% - 7:09
Normal Defense
1 - 42% - 40% - 15:58
2 - 39% - 40% - 14:57
3 - 19% - 20% - 7:13
4 - 0% - 0% - 0:00
PP Forward
1 - 57% - 60% - 9:02
2 - 43% - 40% - 6:53
PP Defense
1 - 62% - 60% - 9:50
2 - 38% - 40% - 6:05
PK Forward
1 - 81% - 60% - 3:40
2 - 19% - 40% - 0:53
PK Defense
1 - 61% - 60% - 2:46
2 - 39% - 40% - 1:47
PK3 Forward
1 - 0% - 60%
2 - 0% - 40%
PK3 Defense
1 - 0% - 60%
2 - 0% - 40%
44 Forward
1 - 71% - 60% - 1:00
2 - 29% - 40% - 0:24
44 Defense
1 - 63% - 60% - 0:53
2 - 37% - 40% - 0:31
Last Minute Offensive  - 0:00
Last Minute Defensive  - 0:00
Total
Forward - 60:00
Defense - 60:00

% Time on Ice - Avalanche

Lines # - Real PCT - Wanted PCT - Time Play
Normal Forward
1 - 37% - 35% - 13:56
2 - 29% - 30% - 11:04
3 - 17% - 20% - 6:29
4 - 17% - 15% - 6:39
Normal Defense
1 - 42% - 40% - 16:00
2 - 30% - 30% - 11:20
3 - 28% - 30% - 10:48
4 - 0% - 0% - 0:00
PP Forward
1 - 47% - 60% - 2:09
2 - 53% - 40% - 2:24
PP Defense
1 - 58% - 60% - 2:38
2 - 42% - 40% - 1:55
PK Forward
1 - 70% - 60% - 11:08
2 - 30% - 40% - 4:47
PK Defense
1 - 55% - 60% - 8:43
2 - 45% - 40% - 7:12
PK3 Forward
1 - 0% - 60%
2 - 0% - 40%
PK3 Defense
1 - 0% - 60%
2 - 0% - 40%
44 Forward
1 - 74% - 60% - 1:02
2 - 26% - 40% - 0:22
44 Defense
1 - 74% - 60% - 1:02
2 - 26% - 40% - 0:22
Last Minute Offensive  - 0:00
Last Minute Defensive  - 0:00
Total
Forward - 60:00
Defense - 60:00

Play-by-Play

1st period


0:01 of 1st period - Bryan Little wins face-off versus Anze Kopitar in neutral zone.
0:04 of 1st period - Anze Kopitar is hit by Patric Hornqvist and loses puck.
0:09 of 1st period - Wrist shot by Patric Hornqvist.
0:09 of 1st period - Stopped by Brian Elliott without a rebound.
0:10 of 1st period - Bryan Little wins face-off versus Anze Kopitar in Kings zone.
0:27 of 1st period - Wrist shot by Bryan Little.
0:27 of 1st period - Shot Blocked by Shea Weber.
0:31 of 1st period - Snap shot by Bryan Little.
0:31 of 1st period - Deflect By Anze Kopitar.
0:31 of 1st period - Shot Misses the Net.
0:31 of 1st period - Puck is out of play.
0:32 of 1st period - Ryan Johansen wins face-off versus Paul Stastny in Kings zone.
2:30 of 1st period - Slapshot by Jack Johnson.
2:30 of 1st period - Shot Misses the Net.
2:39 of 1st period - Double Minor Penalty to Pernell Karl Subban for Roughing.
2:40 of 1st period - Andrew Ladd wins face-off versus Anze Kopitar in Avalanche zone.
4:40 of 1st period - Anze Kopitar is hit by Paul Stastny and loses puck.
5:33 of 1st period - Icing by Wayne Simmonds.
5:34 of 1st period - Anze Kopitar wins face-off versus Paul Stastny in Kings zone.
6:39 of 1st period - Penalty to Pernell Karl Subban is over, Pernell Karl Subban is back on ice.
7:10 of 1st period - Slapshot by Nikita Kucherov.
7:10 of 1st period - Shot Misses the Net.
7:42 of 1st period - Shea Weber is hit by Zach Boychuk and loses puck.
7:59 of 1st period - Maxim Talbot is hit by Shea Weber and loses puck.
8:39 of 1st period - Snap shot by Dan Boyle.
8:39 of 1st period - Shot Blocked by Jon Merrill.
9:12 of 1st period - Minor Penalty to Mattias Ekholm for Roughing.
9:13 of 1st period - Anze Kopitar wins face-off versus Andrew Ladd in Avalanche zone.
10:40 of 1st period - Paul Martin is hit by Marc Staal and loses puck.
11:12 of 1st period - Penalty to Mattias Ekholm is over, Mattias Ekholm is back on ice.
11:29 of 1st period - Marc Staal is hit by Shea Weber.
12:35 of 1st period - Wayne Simmonds is hit by Marc Staal and loses puck.
12:46 of 1st period - Pernell Karl Subban is hit by Mike Brown and loses puck.
13:30 of 1st period - Off-side.
13:31 of 1st period - Paul Stastny wins face-off versus Maxim Lapierre in neutral zone.
13:34 of 1st period - Slapshot by Dan Boyle.
13:34 of 1st period - Shot Misses the Net.
13:36 of 1st period - Wrist shot by Dan Boyle.
13:36 of 1st period - Stopped by Brian Elliott with a rebound.
13:38 of 1st period - Wrist shot by Paul Stastny.
13:38 of 1st period - Stopped by Brian Elliott with a rebound.
13:40 of 1st period - Slapshot by Dan Boyle.
13:40 of 1st period - Stopped by Brian Elliott without a rebound.
13:41 of 1st period - Bryan Little wins face-off versus Patrick Kane in Kings zone.
14:30 of 1st period - Snap shot by Andrew Ladd.
14:30 of 1st period - Stopped by Brian Elliott without a rebound.
14:31 of 1st period - Maxim Lapierre wins face-off versus Maxim Talbot in Kings zone.
14:38 of 1st period - Wrist shot by Maxim Lapierre.
14:38 of 1st period - Shot Blocked by Andrew Ladd.
14:44 of 1st period - Wrist shot by Maxim Talbot.
14:44 of 1st period - Stopped by Brian Elliott without a rebound.
14:45 of 1st period - Ryan Johansen wins face-off versus Bryan Little in Kings zone.
14:52 of 1st period - Slapshot by Shea Weber.
14:52 of 1st period - Stopped by Semyon Varlamov with a rebound.
14:54 of 1st period - Slapshot by Patrick Kane.
14:54 of 1st period - Stopped by Semyon Varlamov without a rebound.
14:55 of 1st period - Ryan Johansen wins face-off versus Bryan Little in Avalanche zone.
15:18 of 1st period - Slapshot by Bryan Little.
15:18 of 1st period - Shot Misses the Net.
15:26 of 1st period - David Booth is hit by Patric Hornqvist and loses puck.
15:53 of 1st period - Snap shot by Ryan Johansen.
15:53 of 1st period - Shot Blocked by Pernell Karl Subban.
15:55 of 1st period - Wrist shot by David Booth.
15:55 of 1st period - Shot Misses the Net.
15:57 of 1st period - Slapshot by Staffan Kronwall.
15:57 of 1st period - Deflect By Patrick Kane.
15:57 of 1st period - Stopped by Semyon Varlamov with a rebound.
15:59 of 1st period - Backhand shot by Shea Weber.
15:59 of 1st period - Stopped by Semyon Varlamov without a rebound.
16:00 of 1st period - Anze Kopitar wins face-off versus Alexander Radulov in Avalanche zone.
16:03 of 1st period - Snap shot by Anze Kopitar.
16:03 of 1st period - Stopped by Semyon Varlamov without a rebound.
16:04 of 1st period - Paul Stastny wins face-off versus Anze Kopitar in Avalanche zone.
16:15 of 1st period - Snap shot by Alexander Radulov.
16:15 of 1st period - Shot Hit the Post.
16:17 of 1st period - Snap shot by Alexander Radulov.
16:17 of 1st period - Stopped by Brian Elliott without a rebound.
16:18 of 1st period - Anze Kopitar wins face-off versus Paul Stastny in Kings zone.
17:31 of 1st period - Snap shot by Anze Kopitar.
17:31 of 1st period - Shot Misses the Net.
17:33 of 1st period - Wrist shot by Johnny Gaudreau.
17:33 of 1st period - Shot Misses the Net.
18:15 of 1st period - Slapshot by Maxim Talbot.
18:15 of 1st period - Stopped by Brian Elliott without a rebound.
18:16 of 1st period - Anze Kopitar wins face-off versus Bryan Little in Kings zone.
18:21 of 1st period - Slapshot by Erik Karlsson.
18:21 of 1st period - Shot Blocked by Dan Boyle.
18:29 of 1st period - Snap shot by Patric Hornqvist.
18:29 of 1st period - Stopped by Brian Elliott without a rebound.
18:30 of 1st period - Paul Stastny wins face-off versus Anze Kopitar in Kings zone.
18:37 of 1st period - Snap shot by Andrei Kostitsyn.
18:37 of 1st period - Shot Blocked by Johnny Gaudreau.
18:39 of 1st period - Snap shot by Alexander Radulov.
18:39 of 1st period - Shot Misses the Net.
19:04 of 1st period - Snap shot by Anze Kopitar.
19:04 of 1st period - Deflect By Johnny Gaudreau.
19:04 of 1st period - Shot Misses the Net.
19:04 of 1st period - Puck is out of play.
19:05 of 1st period - Ryan Johansen wins face-off versus Bryan Little in Avalanche zone.
19:12 of 1st period - Backhand shot by Patrick Kane.
19:12 of 1st period - Deflect By Ryan Johansen.
19:12 of 1st period - Stopped by Semyon Varlamov with a rebound.
19:20 of 1st period - Slapshot by David Booth.
19:20 of 1st period - Shot Blocked by Pernell Karl Subban.
19:22 of 1st period - Snap shot by Staffan Kronwall.
19:22 of 1st period - Shot Misses the Net.
19:55 of 1st period - Slapshot by Wayne Simmonds.
19:55 of 1st period - Deflect By Anze Kopitar.
19:55 of 1st period - Shot Blocked by Mattias Ekholm.
19:55 of 1st period - Puck is out of play.
19:56 of 1st period - Anze Kopitar wins face-off versus Andrew Ladd in Avalanche zone.
Goals for this period are 0 for Kings vs 0 for Avalanche.
Shots for this period are 6 for Kings vs 9 for Avalanche.

2nd period


0:01 of 2nd period - Patrick Kane wins face-off versus Paul Stastny in neutral zone.
0:04 of 2nd period - Alexander Radulov is hit by Jon Merrill and loses puck.
0:11 of 2nd period - Slapshot by Patrick Kane.
0:11 of 2nd period - Shot Blocked by Marc Staal.
0:13 of 2nd period - Wrist shot by Ryan Johansen.
0:13 of 2nd period - Stopped by Semyon Varlamov without a rebound.
0:14 of 2nd period - Anze Kopitar wins face-off versus Bryan Little in Avalanche zone.
0:17 of 2nd period - Snap shot by Wayne Simmonds.
0:17 of 2nd period - Shot Blocked by Bryan Little.
0:19 of 2nd period - Slapshot by Erik Karlsson.
0:19 of 2nd period - Shot Blocked by Mikkel Boedker.
0:21 of 2nd period - Slapshot by Jon Merrill.
0:21 of 2nd period - Shot Misses the Net.
0:23 of 2nd period - Snap shot by Johnny Gaudreau.
0:23 of 2nd period - Deflect By Wayne Simmonds.
0:23 of 2nd period - Shot Misses the Net.
0:23 of 2nd period - Puck is out of play.
0:24 of 2nd period - Anze Kopitar wins face-off versus Bryan Little in Avalanche zone.
0:43 of 2nd period - Snap shot by Wayne Simmonds.
0:43 of 2nd period - Shot Misses the Net.
0:47 of 2nd period - Snap shot by Johnny Gaudreau.
0:47 of 2nd period - Stopped by Semyon Varlamov without a rebound.
0:48 of 2nd period - Paul Stastny wins face-off versus Ryan Johansen in Avalanche zone.
1:15 of 2nd period - Mattias Ekholm is hit by Shea Weber.
1:20 of 2nd period - Marc Staal is hit by Shea Weber and loses puck.
2:01 of 2nd period - Slapshot by Kyle Turris.
2:01 of 2nd period - Stopped by Brian Elliott without a rebound.
2:02 of 2nd period - Greg Campbell wins face-off versus Kyle Turris in Kings zone.
2:28 of 2nd period - Minor Penalty to Erik Karlsson for Tripping.
2:29 of 2nd period - Bryan Little wins face-off versus Greg Campbell in Kings zone.
2:32 of 2nd period - Slapshot by Bryan Little.
2:32 of 2nd period - Shot Misses the Net.
4:09 of 2nd period - Snap shot by Jack Johnson.
4:09 of 2nd period - Deflect By Mikkel Boedker.
4:09 of 2nd period - Stopped by Brian Elliott without a rebound.
4:10 of 2nd period - Anze Kopitar wins face-off versus Mikkel Boedker in Kings zone.
4:10 of 2nd period - Anze Kopitar is hit by Mikkel Boedker.
4:28 of 2nd period - Penalty to Erik Karlsson is over, Erik Karlsson is back on ice.
4:49 of 2nd period - Snap shot by Patrick Kane.
4:49 of 2nd period - Shot Misses the Net.
4:51 of 2nd period - Slapshot by Shea Weber.
4:51 of 2nd period - Stopped by Semyon Varlamov with a rebound.
4:53 of 2nd period - Wrist shot by David Booth.
4:53 of 2nd period - Shot Misses the Net.
5:15 of 2nd period - Wrist shot by Kyle Turris.
5:15 of 2nd period - Stopped by Brian Elliott with a rebound.
5:58 of 2nd period - Paul Martin is hit by Patric Hornqvist and loses puck.
6:13 of 2nd period - Snap shot by Greg Campbell.
6:13 of 2nd period - Shot Misses the Net.
6:34 of 2nd period - Icing by Alexander Radulov.
6:35 of 2nd period - Paul Stastny wins face-off versus Ryan Johansen in Avalanche zone.
7:49 of 2nd period - Backhand shot by Andrei Kostitsyn.
7:49 of 2nd period - Deflect By Alexander Radulov.
7:49 of 2nd period - Shot Blocked by Shea Weber.
7:49 of 2nd period - Puck is out of play.
7:50 of 2nd period - Paul Stastny wins face-off versus Ryan Johansen in Kings zone.
8:01 of 2nd period - Snap shot by David Booth.
8:01 of 2nd period - Shot Misses the Net.
8:21 of 2nd period - Wrist shot by Mikkel Boedker.
8:21 of 2nd period - Stopped by Brian Elliott with a rebound.
8:41 of 2nd period - Mike Brown is hit by Chuck Kobasew and loses puck.
8:46 of 2nd period - Snap shot by Maxim Talbot.
8:46 of 2nd period - Shot Misses the Net.
8:59 of 2nd period - Greg Campbell is hit by Kyle Turris and loses puck.
9:28 of 2nd period - Snap shot by Greg Campbell.
9:28 of 2nd period - Shot Misses the Net.
9:52 of 2nd period - Slapshot by Kyle Turris.
9:52 of 2nd period - Deflect By Zach Boychuk.
9:52 of 2nd period - Shot Blocked by Mike Brown.
9:52 of 2nd period - Puck is out of play.
9:53 of 2nd period - Paul Stastny wins face-off versus Anze Kopitar in Kings zone.
9:57 of 2nd period - Icing by Erik Karlsson.
9:58 of 2nd period - Anze Kopitar wins face-off versus Paul Stastny in Kings zone.
10:12 of 2nd period - Slapshot by Johnny Gaudreau.
10:12 of 2nd period - Shot Blocked by Paul Stastny.
10:45 of 2nd period - Slapshot by Jack Johnson.
10:45 of 2nd period - Deflect By Alexander Radulov.
10:45 of 2nd period - Shot Misses the Net.
10:45 of 2nd period - Puck is out of play.
10:46 of 2nd period - Bryan Little wins face-off versus Ryan Johansen in Kings zone.
10:56 of 2nd period - Minor Penalty to Patric Hornqvist for High sticking.
10:57 of 2nd period - Anze Kopitar wins face-off versus Andrew Ladd in Avalanche zone.
11:00 of 2nd period - Snap shot by Anze Kopitar.
11:00 of 2nd period - Shot Misses the Net.
11:04 of 2nd period - Wrist shot by Patrick Kane.
11:04 of 2nd period - Deflect By Anze Kopitar.
11:04 of 2nd period - Stopped by Semyon Varlamov without a rebound.
11:05 of 2nd period - Andrew Ladd wins face-off versus Johnny Gaudreau in Avalanche zone.
11:05 of 2nd period - Andrew Ladd is hit by Patrick Kane.
11:32 of 2nd period - Snap shot by Ryan Johansen.
11:32 of 2nd period - Shot Misses the Net.
12:56 of 2nd period - Penalty to Patric Hornqvist is over, Patric Hornqvist is back on ice.
13:02 of 2nd period - Snap shot by Mikkel Boedker.
13:02 of 2nd period - Shot Misses the Net.
13:04 of 2nd period - Slapshot by Patric Hornqvist.
13:04 of 2nd period - Shot Hit the Post.
14:04 of 2nd period - Anze Kopitar is hit by Chuck Kobasew and loses puck.
14:37 of 2nd period - Staffan Kronwall is hit by Zach Boychuk and loses puck.
14:48 of 2nd period - Patric Hornqvist is hit by Nikita Kucherov and loses puck.
15:48 of 2nd period - Alexander Radulov is hit by Wayne Simmonds.
15:58 of 2nd period - Snap shot by Johnny Gaudreau.
15:58 of 2nd period - Stopped by Semyon Varlamov with a rebound.
16:10 of 2nd period - Wrist shot by Anze Kopitar.
16:10 of 2nd period - Stopped by Semyon Varlamov with a rebound.
16:12 of 2nd period - Slapshot by Staffan Kronwall.
16:12 of 2nd period - Shot Blocked by Zach Boychuk.
16:14 of 2nd period - Snap shot by Johnny Gaudreau.
16:14 of 2nd period - Goal by Johnny Gaudreau - Kings : 1 - Avalanche : 0.
16:15 of 2nd period - Patrick Kane wins face-off versus Bryan Little in neutral zone.
16:18 of 2nd period - Snap shot by David Booth.
16:18 of 2nd period - Stopped by Semyon Varlamov with a rebound.
16:20 of 2nd period - Slapshot by Jon Merrill.
16:20 of 2nd period - Shot Misses the Net.
16:42 of 2nd period - Andrei Kostitsyn is hit by Nikita Kucherov and loses puck.
16:49 of 2nd period - Snap shot by Nikita Kucherov.
16:49 of 2nd period - Shot Misses the Net.
16:51 of 2nd period - Slapshot by Erik Karlsson.
16:51 of 2nd period - Shot Misses the Net.
17:18 of 2nd period - Snap shot by Peter Worrell.
17:18 of 2nd period - Shot Blocked by Andrei Kostitsyn.
17:22 of 2nd period - Slapshot by Nikita Kucherov.
17:22 of 2nd period - Stopped by Semyon Varlamov with a rebound.
17:24 of 2nd period - Slapshot by Maxim Lapierre.
17:24 of 2nd period - Shot Blocked by Pernell Karl Subban.
17:26 of 2nd period - Wrist shot by Nikita Kucherov.
17:26 of 2nd period - Stopped by Semyon Varlamov without a rebound.
17:27 of 2nd period - Bryan Little wins face-off versus Ryan Johansen in Avalanche zone.
17:29 of 2nd period - Minor Penalty to Patric Hornqvist for Boarding.
17:30 of 2nd period - Andrew Ladd wins face-off versus Anze Kopitar in Avalanche zone.
17:42 of 2nd period - Slapshot by Patrick Kane.
17:42 of 2nd period - Deflect By Marc Staal.
17:42 of 2nd period - Shot Misses the Net.
17:42 of 2nd period - Puck is out of play.
17:43 of 2nd period - Andrew Ladd wins face-off versus Anze Kopitar in Avalanche zone.
17:48 of 2nd period - Slapshot by Marc Staal.
17:48 of 2nd period - Shot Misses the Net.
17:54 of 2nd period - Snap shot by Patrick Kane.
17:54 of 2nd period - Stopped by Semyon Varlamov with a rebound.
18:00 of 2nd period - Wrist shot by Patrick Kane.
18:00 of 2nd period - Shot Blocked by Marc Staal.
18:10 of 2nd period - Marc Staal is hit by Paul Martin and loses puck.
19:29 of 2nd period - Penalty to Patric Hornqvist is over, Patric Hornqvist is back on ice.
19:43 of 2nd period - Patric Hornqvist is hit by Mike Brown and loses puck.
Goals for this period are 1 for Kings vs 0 for Avalanche.
Shots for this period are 11 for Kings vs 4 for Avalanche.

3rd period


0:01 of 3rd period - Ryan Johansen wins face-off versus Bryan Little in neutral zone.
0:10 of 3rd period - Snap shot by Bryan Little.
0:10 of 3rd period - Shot Blocked by Shea Weber.
0:12 of 3rd period - Snap shot by Patric Hornqvist.
0:12 of 3rd period - Shot Misses the Net.
0:14 of 3rd period - Snap shot by Bryan Little.
0:14 of 3rd period - Shot Misses the Net.
0:16 of 3rd period - Slapshot by Pernell Karl Subban.
0:16 of 3rd period - Stopped by Brian Elliott with a rebound.
0:26 of 3rd period - Wayne Simmonds is hit by Andrei Kostitsyn and loses puck.
0:33 of 3rd period - Backhand shot by Alexander Radulov.
0:33 of 3rd period - Stopped by Brian Elliott without a rebound.
0:34 of 3rd period - Anze Kopitar wins face-off versus Bryan Little in Kings zone.
0:51 of 3rd period - Slapshot by Mikkel Boedker.
0:51 of 3rd period - Shot Misses the Net.
1:03 of 3rd period - Snap shot by Andrei Kostitsyn.
1:03 of 3rd period - Shot Misses the Net.
1:25 of 3rd period - Slapshot by Andrew Ladd.
1:25 of 3rd period - Stopped by Brian Elliott with a rebound.
1:27 of 3rd period - Slapshot by Chuck Kobasew.
1:27 of 3rd period - Avalanche goal is going for a video replay.
1:27 of 3rd period - The goal is refused. The referee deems the play has been stopped, even if he had not physically had the opportunity to stop play by blowing his whistle..
1:28 of 3rd period - Anze Kopitar wins face-off versus Maxim Talbot in Kings zone.
1:33 of 3rd period - Snap shot by Johnny Gaudreau.
1:33 of 3rd period - Stopped by Semyon Varlamov without a rebound.
1:34 of 3rd period - Anze Kopitar wins face-off versus Bryan Little in Avalanche zone.
2:01 of 3rd period - Wrist shot by Andrei Kostitsyn.
2:01 of 3rd period - Stopped by Brian Elliott without a rebound.
2:02 of 3rd period - Paul Stastny wins face-off versus Ryan Johansen in Kings zone.
2:06 of 3rd period - Icing by Patrick Kane.
2:07 of 3rd period - Ryan Johansen wins face-off versus Bryan Little in Kings zone.
2:24 of 3rd period - Slapshot by Ryan Johansen.
2:24 of 3rd period - Goal by Ryan Johansen - Kings : 2 - Avalanche : 0.
2:25 of 3rd period - Ryan Johansen wins face-off versus Bryan Little in neutral zone.
2:38 of 3rd period - Snap shot by Patrick Kane.
2:38 of 3rd period - Goal by Patrick Kane - Kings : 3 - Avalanche : 0.
2:39 of 3rd period - Ryan Johansen wins face-off versus Bryan Little in neutral zone.
2:47 of 3rd period - Minor Penalty to Bryan Little for Roughing.
2:48 of 3rd period - Chuck Kobasew wins face-off versus Anze Kopitar in Avalanche zone.
3:25 of 3rd period - Snap shot by David Booth.
3:25 of 3rd period - Stopped by Semyon Varlamov without a rebound.
3:26 of 3rd period - Andrew Ladd wins face-off versus Anze Kopitar in Avalanche zone.
3:49 of 3rd period - Chuck Kobasew is hit by Erik Karlsson and loses puck.
4:16 of 3rd period - Slapshot by David Booth.
4:16 of 3rd period - Shot Blocked by Pernell Karl Subban.
4:47 of 3rd period - Penalty to Bryan Little is over, Bryan Little is back on ice.
4:58 of 3rd period - Snap shot by Ryan Johansen.
4:58 of 3rd period - Stopped by Semyon Varlamov without a rebound.
4:59 of 3rd period - Anze Kopitar wins face-off versus Bryan Little in Avalanche zone.
5:29 of 3rd period - Dan Boyle is hit by Greg Campbell.
5:45 of 3rd period - Jack Johnson is hit by Anze Kopitar and loses puck.
6:02 of 3rd period - Snap shot by Kyle Turris.
6:02 of 3rd period - Goal by Kyle Turris - Kings : 3 - Avalanche : 1.
6:03 of 3rd period - Bryan Little wins face-off versus Ryan Johansen in neutral zone.
6:13 of 3rd period - Wrist shot by Bryan Little.
6:13 of 3rd period - Shot Misses the Net.
6:15 of 3rd period - Slapshot by Patric Hornqvist.
6:15 of 3rd period - Stopped by Brian Elliott without a rebound.
6:16 of 3rd period - Bryan Little wins face-off versus Ryan Johansen in Kings zone.
6:47 of 3rd period - Off-side.
6:48 of 3rd period - Anze Kopitar wins face-off versus Paul Stastny in neutral zone.
7:12 of 3rd period - Minor Penalty to Darnell Nurse for Slashing.
7:13 of 3rd period - Bryan Little wins face-off versus Greg Campbell in Kings zone.
7:15 of 3rd period - Snap shot by Bryan Little.
7:15 of 3rd period - Stopped by Brian Elliott with a rebound.
7:17 of 3rd period - Backhand shot by Mikkel Boedker.
7:17 of 3rd period - Shot Misses the Net.
7:19 of 3rd period - Backhand shot by Marc Staal.
7:19 of 3rd period - Deflect By Ramzi Abid.
7:19 of 3rd period - Stopped by Brian Elliott with a rebound.
7:39 of 3rd period - Dan Boyle is hit by Greg Campbell and loses puck.
9:12 of 3rd period - Penalty to Darnell Nurse is over, Darnell Nurse is back on ice.
9:19 of 3rd period - Wayne Simmonds is hit by Andrew Ladd and loses puck.
9:21 of 3rd period - Minor Penalty to Andrew Ladd for Interference.
9:22 of 3rd period - Anze Kopitar wins face-off versus Damien Brunner in Avalanche zone.
10:02 of 3rd period - David Booth is hit by Kyle Turris and loses puck.
11:21 of 3rd period - Penalty to Andrew Ladd is over, Andrew Ladd is back on ice.
11:33 of 3rd period - Andrew Ladd is hit by Anze Kopitar and loses puck.
11:51 of 3rd period - Slapshot by Dan Boyle.
11:51 of 3rd period - Deflect By Ramzi Abid.
11:51 of 3rd period - Stopped by Brian Elliott with a rebound.
11:57 of 3rd period - Patric Hornqvist is hit by Greg Campbell and loses puck.
12:08 of 3rd period - Andrew Ladd is hit by Maxim Lapierre and loses puck.
13:40 of 3rd period - Darnell Nurse is hit by Mattias Ekholm and loses puck.
14:18 of 3rd period - Minor Penalty to Marc Staal for Roughing.
14:19 of 3rd period - Anze Kopitar wins face-off versus Andrew Ladd in Avalanche zone.
14:37 of 3rd period - Icing by Patrick Kane.
14:38 of 3rd period - Andrew Ladd wins face-off versus Anze Kopitar in Kings zone.
14:39 of 3rd period - Slapshot by Chuck Kobasew.
14:39 of 3rd period - Stopped by Brian Elliott with a rebound.
14:41 of 3rd period - Wrist shot by Andrew Ladd.
14:41 of 3rd period - Deflect By Chuck Kobasew.
14:41 of 3rd period - Stopped by Brian Elliott without a rebound.
14:42 of 3rd period - Anze Kopitar wins face-off versus Andrew Ladd in Kings zone.
14:53 of 3rd period - Minor Penalty to Paul Martin for Slashing.
14:54 of 3rd period - Anze Kopitar wins face-off versus Patric Hornqvist in Kings zone.
15:00 of 3rd period - Wrist shot by Mikkel Boedker.
15:00 of 3rd period - Stopped by Brian Elliott with a rebound.
15:26 of 3rd period - Shea Weber is hit by Jack Johnson and loses puck.
15:51 of 3rd period - Wrist shot by Bryan Little.
15:51 of 3rd period - Shot Misses the Net.
16:09 of 3rd period - Andrew Ladd is hit by Ryan Johansen and loses puck.
16:17 of 3rd period - Icing by Pernell Karl Subban.
16:18 of 3rd period - Penalty to Marc Staal is over, Marc Staal is back on ice.
16:18 of 3rd period - Anze Kopitar wins face-off versus Patric Hornqvist in Avalanche zone.
16:53 of 3rd period - Penalty to Paul Martin is over, Paul Martin is back on ice.
17:02 of 3rd period - Snap shot by Ramzi Abid.
17:02 of 3rd period - Stopped by Semyon Varlamov with a rebound.
17:08 of 3rd period - Snap shot by Ramzi Abid.
17:08 of 3rd period - Stopped by Semyon Varlamov with a rebound.
17:10 of 3rd period - Snap shot by Jon Merrill.
17:10 of 3rd period - Stopped by Semyon Varlamov with a rebound.
17:14 of 3rd period - Wrist shot by Paul Martin.
17:14 of 3rd period - Shot Misses the Net.
17:22 of 3rd period - Snap shot by Ramzi Abid.
17:22 of 3rd period - Stopped by Semyon Varlamov with a rebound.
17:28 of 3rd period - Wrist shot by Ramzi Abid.
17:28 of 3rd period - Stopped by Semyon Varlamov without a rebound.
17:29 of 3rd period - Maxim Lapierre wins face-off versus Kyle Turris in Avalanche zone.
17:38 of 3rd period - Snap shot by Maxim Lapierre.
17:38 of 3rd period - Stopped by Semyon Varlamov with a rebound.
18:33 of 3rd period - Minor Penalty to Dan Boyle for Tripping.
18:34 of 3rd period - Andrew Ladd wins face-off versus Anze Kopitar in Avalanche zone.
19:55 of 3rd period - Johnny Gaudreau is hit by Damien Brunner and loses puck.
Goals for this period are 2 for Kings vs 1 for Avalanche.
Shots for this period are 11 for Kings vs 13 for Avalanche.